 Dungeon Crawl Stone Soup version 0.21.1-1-g345015f (webtiles) character file.

19 n0claF the Bolt Thrower (level 2, -4/25 HPs)
             Began as a Centaur Hunter on June 25, 2018.
             Slain by a worm (6 damage)
             ... on level 2 of the Dungeon.
             The game lasted 00:01:34 (814 turns).

n0claF the Bolt Thrower (Centaur Hunter)             Turns: 814, Time: 00:01:35

Health: -4/25      AC:  4    Str: 14    XL:     2   Next: 55%
Magic:  2/2        EV:  9    Int: 10    God:
Gold:   45         SH:  0    Dex:  9    Spells: 1/1 levels left

rFire    . . .     SeeInvis .   b - +0 short sword
rCold    . . .     Gourm    .   (no shield)
rNeg     . . .     Faith    .   c - +0 leather armour
rPois    .         Spirit   .   (no helmet)
rElec    .         Reflect  .   (no cloak)
rCorr    .         Harm     .   (no gloves)
MR       .....                  (no barding)
Stlth    +.........             (no amulet)
HPRegen  0.08/turn              (no ring)
MPRegen  0.08/turn              (no ring)

@: very quick
A: large, hooves 3, deformed body, speed 2, tough skin 3
a: no special abilities


You were on level 2 of the Dungeon.
You were not hungry.

You visited 1 branch of the dungeon, and saw 2 of its levels.

You collected 45 gold pieces.

Inventory:

Hand Weapons
 a - a +1 hand crossbow
 b - a +0 short sword (weapon)
Missiles
 d - 40 bolts
 n - a stone (quivered)
Armour
 c - a +0 leather armour (worn)
Jewellery
 h - an uncursed ring of see invisible {unknown}
   (You found it on level 1 of the Dungeon)
Scrolls
 i - a scroll of random uselessness {unknown}
 j - a scroll of remove curse {unknown}
 k - a scroll of enchant weapon {unknown}
 l - a scroll of enchant armour {unknown}
 m - a scroll of identify {unknown}
Potions
 f - a potion of curing {unknown}
Comestibles
 e - 3 rations {!d}
 g - 3 chunks of flesh


   Skills:
 + Level 2.4 Fighting
 + Level 4.6 Crossbows
 + Level 1.8 Dodging
 - Level 0.4 Stealth


You had one spell level left.
You didn't know any spells.

Dungeon Overview and Level Annotations

Branches:
Dungeon (2/15)

Altars:


Innate Abilities, Weirdness & Mutations

You have hooves in place of feet.
Armour fits poorly on your strangely shaped body.
You cover ground very quickly.
You have extremely tough skin. (AC +3)


Message History

No target in view!
No target in view!
Things that are here:
a short sword; 2 stones
Things that are here:
a dagger; a club Done exploring.
Done exploring.
Search for what [? for help]? .
Things that are here:
a dagger; a club You see here a stone.
n - a stone Some of the chunks of flesh in your inventory have rotted away.
There is a stone staircase leading down here.
You climb downwards.
A bat and a worm come into view.
There is a stone staircase leading up here.
You hit the worm but do no damage. You kick the worm, but do no damage.
The bat hits you but does no damage.
You hit the worm but do no damage. The bat hits you but does no damage. x2
The worm closely misses you.
You barely miss the worm. You kick the worm.
The bat hits you but does no damage.
You hit the worm. The bat barely misses you.
The worm bites you but does no damage.
You hit the worm but do no damage. The bat closely misses you.
The worm barely misses you.
You hit the worm. The bat hits you but does no damage.
The bat closely misses you.
You hit the worm. You kick the worm, but do no damage.
The bat closely misses you. The worm bites you!
You barely miss the worm. You kick the worm. The bat barely misses you.
The worm bites you.
* * * LOW HITPOINT WARNING * * *
You hit the worm but do no damage. The bat hits you but does no damage.
The bat closely misses you.
You hit the worm. The bat closely misses you. The worm bites you!
* * * LOW HITPOINT WARNING * * *
You completely miss the worm. The bat hits you but does no damage.
You barely miss the worm. The bat hits you but does no damage.
The worm bites you but does no damage.
You hit the worm. Your kick misses the worm.
The bat hits you but does no damage. The worm bites you.
* * * LOW HITPOINT WARNING * * *
You hit the worm but do no damage. The bat closely misses you.
The bat hits you but does no damage.
You hit the worm. You kick the worm, but do no damage.
The bat hits you but does no damage. The worm bites you.
You die...

#####
#...#####
#w.......
#@..#
...........#
#######.b.##
##.## .# .#
+#


You could see a worm and a bat.

Vanquished Creatures
  A giant cockroach (D:1)
  3 hobgoblins (D:1)
  3 jackals (D:1)
  2 kobolds (D:1)
  A bat (D:1)
  2 frilled lizards (D:1)
  4 goblins (D:1)
  A rat (D:1)
17 creatures vanquished.

Notes
Turn   | Place    | Note
-------+----------+-------------------------------------------
     0 | D:1      | n0claF the Centaur Hunter began the quest for the Orb.
     0 | D:1      | Reached XP level 1. HP: 17/17 MP: 1/1
   316 | D:1      | Reached XP level 2. HP: 17/24 MP: 2/2
   812 | D:2      | HP: 1/25 [worm (2)]
   814 | D:2      | Slain by a worm

Action                   || total
-------------------------++-------
Melee: Short sword       ||    59
       Kick              ||    12
Armor: Leather armour    ||    32
Dodge: Dodged            ||    34
